 Dungeon Crawl Stone Soup version 0.28.0-47-ge53b351184 (webtiles) character file.

Game seed: 9260901190629534468

23 hawla the Scratcher (level 2, 0/12 HPs)
             Began as a Felid Transmuter on May 2, 2022.
             Constricted to death by a ball python (1 damage)
             ... on level 1 of the Dungeon.
             The game lasted 00:01:41 (1086 turns).

hawla the Scratcher (Felid Transmuter)              Turns: 1086, Time: 00:01:42

Health: 0/12       AC:  1    Str:  6    XL:     2   Next: 72%
Magic:  5/6        EV: 14    Int: 14    God:
Gold:   69         SH:  0    Dex: 16    Spells: 4/5 levels left
                                        Lives:  0   Deaths: 0

rFire   . . .      SeeInvis +     - Unarmed
rCold   . . .      Faith    .   (shield unavailable)
rNeg    . . .      Spirit   .   (armour unavailable)
rPois   .          Reflect  .   (helmet unavailable)
rElec   .          Harm     .   (cloak unavailable)
rCorr   .          Rampage  .   (gloves unavailable)
Will    .....                   (boots unavailable)
Stlth   ++........              (no amulet)
HPRegen 0.04/turn               (no ring)
MPRegen 0.10/turn               (no ring)

@: appendages, constricted, quick
A: horns 2, very small, claws 1, fangs 3, see invisible, speed 1, shaggy fur 1,
stealthy paws, no weapons or thrown items, no armour, multi-lived
a: End Transformation


You were on level 1 of the Dungeon.
You had temporarily grown beastly horns.
You visited 1 branch of the dungeon, and saw 1 of its levels.

You collected 69 gold pieces.

Inventory:

Scrolls
 a - a scroll of identify {unknown}
Potions
 b - a potion of lignification {unknown}
 c - a potion of cancellation {unknown}


   Skills:
 + Level 1.0 Fighting
 + Level 3.1 Dodging
 + Level 1.1 Stealth
 + Level 3.4 Unarmed Combat
 + Level 2.1 Spellcasting
 + Level 2.4 Transmutations


You had 4 spell levels left.
You knew the following spells:

 Your Spells              Type           Power      Damage    Failure   Level
a - Beastly Appendage     Tmut           16%        N/A       9%          1

Your spell library contained the following spells:

 Spells                   Type           Power      Damage    Failure   Level
 Wereblood                Tmut           8%         N/A       13%         2
 Spider Form              Tmut/Pois      4%         N/A       41%         3
 Ice Form                 Ice/Tmut       4%         N/A       82%         4


Dungeon Overview and Level Annotations

Branches:
Dungeon (1/15)

Altars:


Innate Abilities, Weirdness & Mutations

You have temporarily grown beastly horns.
You have sharp claws.
You have razor-sharp teeth.
You have supernaturally acute eyesight. (SInv)
You cover ground quickly. (Speed+)
You are covered in fur. (AC +1)
Your paws help you pounce on unaware monsters.
You are incapable of wielding weapons or throwing items.
You cannot wear armour.
You gain extra lives every three experience levels.


Message History

Your transformation is almost over.
You open the door.
There is an open door here.
Found 23 bolts.
Your horns disappear.
Found an escape hatch in the floor.
You open the door.
Found a club.
There is an open door here.
You see here a +0 club.
A dart slug comes into view.
A kobold and a ball python come into view.
Found 23 stones.
Found 2 cyan potions.
The kobold shouts!
The ball python hisses angrily.
You scratch the dart slug. You claw the dart slug. You bite the dart slug.
The dart slug is severely wounded.
The dart slug bites you.
You scratch the dart slug.
You kill the dart slug!
Your Stealth skill increases to level 1!
You barely miss the kobold.
The kobold hits you with a +0 short sword.
Casting: Beastly Appendage (safe; 9% risk of failure)
Confirm with . or Enter, or press ? or * to list all spells.
You grow a pair of large bovine horns.
The ball python closely misses you. x2
The kobold hits you with a +0 short sword.
The ball python closely misses you. The ball python completely misses you.
You are too injured to fight recklessly!
You are too injured to fight recklessly!
You are too injured to fight recklessly!
You scratch the kobold but do no damage.
The kobold closely misses you. The ball python bites you.
The ball python grabs you. The ball python constricts you.
You scratch the kobold but do no damage.
Your headbutt misses the kobold. Your bite misses the kobold.
The ball python bites you.
* * * LOW HITPOINT WARNING * * *
The ball python constricts you.
You die...

.# #.# #..#[#.# .#
####+#####.#####..###.. .#
#!.......#............. .#
#.(......#..########### .#
#........#..# # .# #........#..#
##### .###### #........#..# #....
.#....# ###....SK..#..#######....
.#....# #.......@..#..#..........
.#....###.#........#.....###.....
......#............#.......#.##+#
'#....#.#########..#.........##.#
......#............#.....#.###...
......#..........................
......#.....<.....#...####..#....
..###.............#...#####.#....
..# #...............>..)....#....


You could see a ball python and a kobold.

Vanquished Creatures
  2 dart slugs (D:1)
  A giant cockroach (D:1)
  2 kobolds (D:1)
  2 quokkas (D:1)
  2 ball pythons (D:1)
  2 bats (D:1)
  4 frilled lizards (D:1)
  3 goblins (D:1)
  2 rats (D:1)
20 creatures vanquished.

Notes
Turn   | Place    | Note
-------+----------+-------------------------------------------
     0 | D:1      | hawla the Felid Transmuter began the quest for the Orb.
     0 | D:1      | Reached XP level 1. HP: 9/9 MP: 4/4
   131 | D:1      | Reached XP level 2. HP: 12/12 MP: 4/6
  1083 | D:1      | Reached skill level 1 in Stealth
  1086 | D:1      | Constricted to death by a ball python

Illustrated notes

Levels and vault maps discovered:
D:1:      minmay_arrival_semitransparent, layout_basic, minmay_heptomino_o4

Skill      XL: |  1  2 |
---------------+-------+-----
Dodging        | 3 |  3.1
Stealth        | 1 |  1.1
Fighting       | |  1.0
Unarmed Combat | |  3.4
Spellcasting   | |  2.1
Transmutations | |  2.4

Action                   || total
-------------------------++-------
Melee: Unarmed           ||    50
       Bite              ||     3
       Headbutt          ||     1
       Punch             ||     1
 Cast: Beastly Appendage ||     8
 Stab: Sleeping          ||     2
Armor: Skin              ||     5
Dodge: Dodged            ||    44
